 Seeded DCSS version 0.28.0-53-g5a82cb258f (webtiles) character file.

Game seed: 9403513121866162502 (custom seed)

55 hikkokomori the Sneak (level 3, -1/21 HPs)
             Began as an Octopode Enchanter on Oct 23, 2022.
             Slain by a gnoll
             ... wielding a +0 flail
              (10 damage)
             ... on level 2 of the Dungeon.
             The game lasted 00:02:07 (1123 turns).

hikkokomori the Sneak (Octopode Enchanter)          Turns: 1123, Time: 00:02:08

Health: -1/21      AC:  1    Str:  7    XL:     3   Next: 93%
Magic:  4/6        EV: 13    Int: 17    God:
Gold:   43         SH:  0    Dex: 14    Spells: 4/6 levels left

rFire   . . .      SeeInvis .   a - +1 dagger
rCold   . . .      Faith    .   (no shield)
rNeg    . . .      Spirit   .   (helmet restricted)
rPois   .          Reflect  .   (no amulet)
rElec   .          Harm     .   (no ring)
rCorr   .          Rampage  .   (no ring)
Will    .....                   (no ring)
Stlth   ++++......              (no ring)
HPRegen 0.07/turn               (no ring)
MPRegen 0.10/turn               (no ring)
                                (no ring)
                                (no ring)

@: no status effects
A: almost no armour, amphibious, 8 rings, camouflage 1, gelatinous body 1,
(nimble swimmer 1), tentacles
a: no special abilities


You were on level 2 of the Dungeon.
You visited 1 branch of the dungeon, and saw 2 of its levels.

You collected 43 gold pieces.

Inventory:

Hand Weapons
 a - a +1 dagger (weapon)
Armour
 i - a +0 buckler
Scrolls
 d - a scroll of identify {unknown}
 e - a scroll of fear {unknown}
 h - a scroll of magic mapping {unknown}
Potions
 b - a potion of invisibility
 c - a potion of might {unknown}
 f - a potion of mutation {unknown}
 g - a potion of heal wounds {unknown}


   Skills:
 + Level 1.7 Short Blades
 + Level 2.5 Dodging
 + Level 4.6 Stealth
 + Level 2.4 Spellcasting
 + Level 3.3 Hexes


You had 4 spell levels left.
You knew the following spells:

 Your Spells              Type           Power      Damage    Failure   Level
a - Ensorcelled Hibernat  Hex/Ice        14%        N/A       14%         2

Your spell library contained the following spells:

 Spells                   Type           Power      Damage    Failure   Level
 Slow                     Hex            52%        N/A       4%          1
 Confusing Touch          Hex            13%        N/A       14%         3
 Tukima's Dance           Hex            13%        N/A       14%         3
 Dazzling Flash           Conj/Hex       14%        N/A       28%         3
 Vampiric Draining        Necr           2%         2d6       50%         3


Dungeon Overview and Level Annotations

Branches:
Dungeon (2/15)

Altars:

Shops:
D:1 !


Innate Abilities, Weirdness & Mutations

You cannot wear most types of armour.
You are amphibious.
You can wear up to eight rings at the same time.
Your skin changes colour to match your surroundings (Stealth+).
Your rubbery body absorbs attacks. (AC +1, EV +1)
((You are camouflaged when in or above water. (Stealth+)))
You have tentacles for arms and can constrict up to eight enemies at once.


Message History

t - Shout!
Orders for allies: a - Attack new target. r - Retreat! s - Stop attacking. g - Guard the area. f - Follow me.
Anything else - Cancel.
You shout for attention!
You hear a shout! x2
A gnoll comes into view. It is wielding a +0 flail.
Casting: Ensorcelled Hibernation (safe; 14% risk of failure)
Confirm with . or Enter, or press ? or * to list all spells.
Aiming: Ensorcelled Hibernation (safe; 14% risk of failure)
Press: ? - help, Shift-Dir - straight line, f - gnoll
Aim: a gnoll, wielding a +0 flail (chance to affect: 50%)
The gnoll looks drowsy...
Unknown command.
The helpless gnoll fails to defend itself.
You impale the gnoll!!
You kill the gnoll!
Unknown command.
You hit the gnoll. You grab the gnoll.
The gnoll is lightly wounded.
You constrict the gnoll. The gnoll closely misses you.
Casting: Ensorcelled Hibernation (safe; 14% risk of failure)
Confirm with . or Enter, or press ? or * to list all spells.
You don't know that spell.
You barely miss the gnoll.
The gnoll is lightly wounded.
You constrict the gnoll, but do no damage.
The gnoll hits you with a +0 flail.
A gnoll comes into view. It is wielding a +0 club.
You hit the gnoll.
The gnoll is moderately wounded.
You constrict the gnoll. The gnoll misses you.
You hit the gnoll but do no damage.
The gnoll is heavily wounded.
You constrict the gnoll. The gnoll hits you with a +0 flail!
You hit the gnoll but do no damage.
The gnoll is heavily wounded.
You constrict the gnoll, but do no damage.
The gnoll hits you with a +0 flail!
You die...

#### ...###
.)... ###...###
# #.......#
#.#####....##.#
#gg@....<..##.#
#######...###.#
#.#####.#
#.......#
####.####
#..########
##........#
#.w#####. #..#


You could see 2 gnolls.

Vanquished Creatures
  A gnoll (D:2)
  2 adders (D:2)
  A dart slug (D:1)
  4 endoplasms
  2 giant cockroaches (D:1)
  3 hobgoblins (D:1)
  3 jackals (D:1)
  A kobold (D:1)
  2 ball pythons (D:1)
  A bat (D:1)
  A frilled lizard (D:1)
  2 goblins (D:1)
  2 rats (D:1)
25 creatures vanquished.

Notes
Turn   | Place    | Note
-------+----------+-------------------------------------------
     0 | D:1      | hikkokomori the Octopode Enchanter began the quest for the
                  | Orb.
     0 | D:1      | Reached XP level 1. HP: 11/11 MP: 3/3
   121 | D:1      | Reached XP level 2. HP: 16/17 MP: 5/5
   144 | D:1      | Found Wirodosm's Distillery.
   683 | D:1      | Reached XP level 3. HP: 20/21 MP: 6/6
   898 | D:1      | Learned a level 2 spell: Ensorcelled Hibernation
  1123 | D:2      | Slain by a gnoll

Illustrated notes

Levels and vault maps discovered:
D:1:      roderic_dead_forest, layout_basic, serial_shops, shop
D:2:      layout_loops_cross, minmay_split_cup_large

Action                   || total
-------------------------++-------
Melee: Dagger            ||    54
       Tentacles         ||     9
       Constrict         ||    12
       Punch             ||     1
 Cast: Ensorcelled Hiber ||     1
 Stab: Sleeping          ||     9
Armor: Skin              ||     3
Dodge: Dodged            ||    19
